 Dungeon Crawl Stone Soup version 0.23.2-33-g5129a83184 (webtiles) character file.

Game seed: 4206000001131274700

6978 Revguard the Carver (level 10, -2/86 HPs)
             Began as a Grey Draconian Gladiator on July 20, 2019.
             Was a Priest of Qazlal.
             Slain by a yak (11 damage)
             ... on level 10 of the Dungeon.
             The game lasted 00:22:45 (9803 turns).

Revguard the Carver (Grey Draconian Gladiator)      Turns: 9803, Time: 00:22:46

Health: -2/86      AC: 15    Str: 22    XL:     10   Next: 81%
Magic:  13/13      EV: 22    Int:  9    God:    Qazlal [***...]
Gold:   389        SH:  4    Dex: 20    Spells: 9/9 levels left

rFire    . . .     SeeInvis .   a - +0 long sword
rCold    . . .     Gourm    .   (no shield)
rNeg     + . .     Faith    .   (armour unavailable)
rPois    +         Spirit   .   b - +0 hat
rElec    .         Reflect  .   p - +0 cloak
rCorr    .         Harm     .   v - +0 pair of gloves
MR       .....                  t - +0 pair of boots
Stlth    ++........             (no amulet)
HPRegen  0.24/turn              e - ring of positive energy
MPRegen  0.13/turn              n - +5 ring of strength

@: agile
A: walk through water, unfitting armour, low mp 1, mutation resistance 1, poison
resistance, unbreathing, cold-blooded, AC +12
a: Upheaval, Elemental Force, Renounce Religion


You were on level 10 of the Dungeon.
You worshipped Qazlal.
Qazlal was most pleased with you.
You were not hungry.

You visited 1 branch of the dungeon, and saw 9 of its levels.

You collected 389 gold pieces.

Inventory:

Hand Weapons
 a - a +0 long sword (weapon)
Missiles
 c - 5 throwing nets (quivered)
Armour
 b - a +0 hat (worn)
 p - a +0 cloak (worn)
 t - a +0 pair of boots (worn)
 v - a +0 pair of gloves (worn)
Magical Staves
 A - an uncursed staff of earth
Jewellery
 e - a ring of positive energy (left hand)
 i - an uncursed ring of ice
 n - a +5 ring of strength (right hand)
 y - an uncursed ring of protection from fire {unknown}
 D - an uncursed ring of stealth
Wands
 j - a wand of random effects (18)
 q - a wand of enslavement (5)
Scrolls
 f - a scroll of identify
 g - a scroll of magic mapping
 k - a scroll of fog
 l - a scroll of noise
 m - a scroll of immolation
 r - a scroll of teleportation
 w - 2 scrolls of remove curse
 B - a scroll of fear
Potions
 u - a potion of cancellation
 x - 2 potions of curing
Miscellaneous
 C - a lightning rod (inert)
Comestibles
 d - 13 rations
 h - 4 chunks of flesh


   Skills:
 + Level 7.1 Fighting
 + Level 10.7 Long Blades
 - Level 1.7 Throwing
 + Level 7.0 Dodging
 * Level 7.0 Invocations
 * Level 6.2 Evocations


You had 9 spell levels left.
You didn't know any spells.
Your spell library contained the following spells:

 Spells                   Type           Power        Failure   Level  Hunger
 Magic Dart               Conj           #...         38%         1    ##.....
 Blink                    Tloc           N/A          52%         2    ###....
 Call Imp                 Summ           #.......     52%         2    ###....
 Slow                     Hex            #.......     52%         2    ###....
 Conjure Flame            Conj/Fire      #.......     77%         3    ####...
 Mephitic Cloud           Conj/Pois/Air  #.......     77%         3    ####...


Dungeon Overview and Level Annotations

Branches:
Dungeon (10/15)
 Temple: D:4-7         Lair: D:8-11         Orc: D:9-12

Altars:
Ashenzari
Dithmenos
Gozag
Makhleb
Okawaru
Qazlal
Sif Muna
Uskayaw
Vehumet
Wu Jian
Xom
Yredelemnul


Innate Abilities, Weirdness & Mutations

You can walk through water.
Your dull iron-grey scales are very hard. (AC +12)
You cannot fit into any form of body armour.
You can survive without breathing.
You are cold-blooded and may be slowed by cold attacks.
Your magical capacity is low. (-10% MP)
You are somewhat resistant to further mutation.
Your system is resistant to poisons. (rPois)


Message History

Your Dodging skill increases to level 7!
Your Invocations skill increases to level 7!
You feel agile all of a sudden. The yak gores you but does no damage.
Evoke which item? (* to show all) (? for menu, Esc to quit)
Aiming: Thunderbolt
Press: ? - help, Shift-Dir - straight line, f - yak
Aim: a yak (heavily wounded)
The thunderbolt hits the yak!
The yak is severely wounded.
The thunderbolt hits the yak.
The yak is moderately wounded.
The lightning rod overheats!
The yak completely misses you.
You barely miss the yak.
The yak is severely wounded.
The yak misses you.
You hit the yak.
The yak is severely wounded.
The yak gores you!
You die...

.#..#............
.####............
...............#
.........#####.#
.........#...#.# #######
#..>.....#...#.# #.....#
#........'...#.# #.....#
#........#####.######.....#
#..............@YY..).....#
#.####........###Y#.......'..
#. #........#..o#.......'..
##########...####...####
.....# ....# ......# Y....#
......## .....# ...... o.....


You could see 3 yaks.

Vanquished Creatures
  A two-headed ogre (D:10)
  The ghost of Brecoman the Spear-Bearer, a novice MfGl of Trog (D:6)
  A queen bee (D:10)
  Prince Ribbit (D:5)
  A wyvern (D:10)
  Eustachio (D:5)
  8 yaks
  A hungry ghost (D:9)
  Duvessa (D:5)
  A water moccasin (D:6)
  2 ice beasts (D:5)
  2 orc warriors (D:10)
  A phantom (D:10)
  2 sky beasts
  4 centaurs
  An ogre (D:9)
  A big kobold (D:10)
  2 bullfrogs
  3 scorpions
  Dowan (D:5)
  20 killer bees (D:10)
  4 wights
  A spectral bullfrog (D:6)
  3 crimson imps
  2 howler monkeys
  3 jellies
  A bullfrog skeleton (D:5)
  2 centaur zombies
  A bullfrog zombie (D:6)
  2 orc priests
  4 hounds
  Jessica (D:2)
  Crazy Yiuf (D:3)
  Ijyb (D:3)
  Terence (D:3)
  5 orc wizards
  2 iguanas
  A worker ant (D:5)
  A hound zombie (D:7)
  A hound skeleton (D:4)
  2 worker ant zombies (D:9)
  8 gnolls
  11 adders
  6 shadow imps
  An ooze (D:4)
  3 worms
  5 leopard geckos
  20 orcs
  8 bats
  5 giant cockroaches
  5 goblins
  3 hobgoblins
  6 jackals (D:2)
  9 kobolds
  2 quokkas (D:2)
  2 frilled lizards
  A jackal skeleton (D:6)
  A leopard gecko skeleton (D:9)
  4 rats
195 creatures vanquished.

Vanquished Creatures (others)
  4 plants (D:10)
4 creatures vanquished.

Grand Total: 199 creatures vanquished

Notes
Turn   | Place    | Note
-------+----------+-------------------------------------------
     0 | D:1      | Revguard the Draconian Gladiator began the quest for the
                  | Orb.
     0 | D:1      | Reached XP level 1. HP: 17/17 MP: 1/1
   741 | D:1      | Reached XP level 2. HP: 24/24 MP: 2/2
  1216 | D:2      | Noticed Jessica
  1224 | D:2      | Killed Jessica
  1224 | D:2      | Reached XP level 3. HP: 25/30 MP: 3/3
  1310 | D:2      | Noticed an earth elemental
  1312 | D:2      | Found a stormy altar of Qazlal.
  1313 | D:2      | Noticed a water elemental
  1313 | D:2      | Noticed a fire elemental
  1313 | D:2      | Noticed an air elemental
  1456 | D:2      | Became a worshipper of Qazlal Stormbringer
  1893 | D:2      | Reached XP level 4. HP: 15/37 MP: 4/4
  1895 | D:2      | Reached skill level 4 in Long Blades
  2916 | D:3      | Reached XP level 5. HP: 45/45 MP: 5/5
  2940 | D:3      | Found a runed translucent door.
  2941 | D:3      | Noticed Crazy Yiuf
  2948 | D:3      | Killed Crazy Yiuf
  3061 | D:3      | Reached * piety under Qazlal
  3225 | D:3      | Noticed Ijyb
  3242 | D:3      | Killed Ijyb
  3292 | D:3      | Noticed Terence
  3313 | D:3      | Killed Terence
  3317 | D:3      | Reached skill level 5 in Long Blades
  3467 | D:4      | Reached skill level 1 in Invocations
  3471 | D:4      | Reached XP level 6. HP: 12/51 MP: 6/6
  3840 | D:4      | Reached skill level 1 in Evocations
  4097 | D:4      | Found a hide-covered altar of Uskayaw.
  4731 | D:4      | Found an opulent altar of Gozag.
  4731 | D:4      | Found a burning altar of Makhleb.
  5039 | D:5      | Entered Level 5 of the Dungeon
  5081 | D:5      | Noticed a sky beast
  5100 | D:5      | Killed a sky beast
  5100 | D:5      | Your scales start taking on a dull iron-grey colour.
  5100 | D:5      | Reached XP level 7. HP: 33/58 MP: 8/8
  5100 | D:5      | Gained mutation: You can survive without breathing. [Grey
                  | Draconian growth]
  5232 | D:5      | Reached skill level 6 in Long Blades
  5603 | D:5      | Found a shattered altar of Ashenzari.
  5644 | D:5      | Noticed Eustachio
  5663 | D:5      | Killed Eustachio
  5705 | D:5      | Noticed Dowan
  5707 | D:5      | Noticed Duvessa
  5717 | D:5      | Killed Dowan
  5717 | D:5      | Reached XP level 8. HP: 67/67 MP: 10/10
  5732 | D:5      | Killed Duvessa
  5732 | D:5      | Reached skill level 7 in Long Blades
  5949 | D:5      | Found an ornate altar of the Wu Jian Council.
  5980 | D:5      | Noticed Prince Ribbit
  6312 | D:5      | Killed Prince Ribbit
  6528 | D:5      | Reached skill level 5 in Fighting
  6530 | D:5      | Reached skill level 5 in Dodging
  6600 | D:6      | Reached skill level 8 in Long Blades
  6621 | D:6      | Reached ** piety under Qazlal
  6746 | D:6      | Reached XP level 9. HP: 70/74 MP: 12/12
  6934 | D:6      | Found a transporter.
  6936 | D:6      | Found a transporter.
  6937 | D:6      | Noticed Brecoman's ghost (novice MfGl)
  7126 | D:6      | Found a basalt altar of Yredelemnul.
  7479 | D:6      | Killed Brecoman's ghost
  7479 | D:6      | Reached skill level 9 in Long Blades
  7479 | D:6      | Reached skill level 5 in Invocations
  7768 | D:7      | Found a radiant altar of Vehumet.
  7791 | D:7      | Found a shadowy altar of Dithmenos.
  7856 | D:7      | You fall through a shaft for 2 floors!
  8047 | D:9      | Gained mutation: Your flesh is cold resistant. (rC+)
                  | [potion of mutation]
  8047 | D:9      | Gained mutation: Your magical capacity is low. (-10% MP)
                  | [potion of mutation]
  8047 | D:9      | Gained mutation: You have a pair of small antennae on your
                  | head. [potion of mutation]
  8079 | D:9      | Found a shimmering altar of Xom.
  8245 | D:9      | Paralysed by a wight for 7 turns
  8324 | D:9      | Reached *** piety under Qazlal
  8324 | D:9      | Reached skill level 5 in Evocations
  8359 | D:9      | Reached XP level 10. HP: 39/83 MP: 13/13
  8532 | D:9      | Lost mutation: You have a pair of small antennae on your
                  | head. [potion of mutation]
  8532 | D:9      | Lost mutation: Your flesh is cold resistant. (rC+) [potion
                  | of mutation]
  8532 | D:9      | Gained mutation: Your system is resistant to poisons.
                  | (rPois) [potion of mutation]
  8532 | D:9      | Gained mutation: You are somewhat resistant to further
                  | mutation. [potion of mutation]
  8672 | D:9      | Found a deep blue altar of Sif Muna.
  8672 | D:9      | Found an iron altar of Okawaru.
  8813 | D:10     | Entered Level 10 of the Dungeon
  8843 | D:10     | Reached skill level 10 in Long Blades
  9755 | D:10     | Noticed a two-headed ogre
  9799 | D:10     | Killed a two-headed ogre
  9803 | D:10     | Slain by a yak

Skill      XL: |  1  2  3  4  5  6  7  8  9 10 |
---------------+-------------------------------+-----
Dodging        | 3 4 5 6 7 |  7.0
Long Blades    | 4 5 6 8 9 10 | 10.7
Fighting       | 3 4 5 6 7 |  7.1
Invocations    | 1 2 3 4 6 7 |  7.0
Evocations     | 1 2 3 5 6 |  6.2
Throwing       | |  1.7

Action                   |  1- 3 |  4- 6 |  7- 9 | 10-12 || total
-------------------------+-------+-------+-------+-------++-------
Melee: Long sword        |    89 |   149 |   383 |   196 ||   817
       Tailslap          |     9 |    28 |    99 |    41 ||   177
Evoke: Wand              |       |       |     2 |     5 ||     7
       Lightning rod     |       |       |       |     6 ||     6
  Use: Scroll            |       |     5 |     6 |     1 ||    12
       Potion            |       |     4 |     3 |     3 ||    10
 Stab: Paralysed         |       |       |       |    13 ||    13
  Eat: Chunk             |     3 |     9 |     6 |     5 ||    23
       Ration            |       |       |     2 |       ||     2
Armor: Skin              |    44 |    49 |   143 |    77 ||   313
Dodge: Dodged            |   108 |   109 |   239 |   157 ||   613
Block: Other             |       |     4 |    34 |    45 ||    83
       Rpst.: Long sword |    38 |    34 |    77 |    50 ||   199
